 Dungeon Crawl Stone Soup version 0.23.1-37-gaa34b87b72 (webtiles) character file.

Game seed: 1545897950446417945

62 Lusmu the Twirler (level 3, 0/28 HPs)
             Began as a Demonspawn Gladiator on Mar 26, 2019.
             Slain by a hobgoblin
             ... wielding a +0 club
              (5 damage)
             ... on level 2 of the Dungeon.
             The game lasted 00:03:17 (1071 turns).

Lusmu the Twirler (Demonspawn Gladiator)            Turns: 1071, Time: 00:03:17

Health: 0/28       AC:  8    Str: 14    XL:     3   Next: 85%
Magic:  3/3        EV: 12    Int: 10    God:
Gold:   110        SH:  0    Dex: 14    Spells: 2/2 levels left

rFire    . . .     SeeInvis .   a - +0 quarterstaff
rCold    . . .     Gourm    .   (shield currently unavailable)
rNeg     . . .     Faith    .   b - +0 leather armour
rPois    .         Spirit   .   c - +0 helmet
rElec    .         Reflect  .   n - +0 cloak
rCorr    .         Harm     .   (no gloves)
MR       +....                  (no boots)
Stlth    ++........             (no amulet)
HPRegen  0.09/turn              e - ring of protection from magic
MPRegen  0.08/turn              (no ring)

@: no status effects
A: molten scales 2
a: no special abilities


You were on level 2 of the Dungeon.
You were not hungry.

You visited 1 branch of the dungeon, and saw 2 of its levels.

You collected 110 gold pieces.

Inventory:

Hand Weapons
 a - a +0 quarterstaff (weapon)
Missiles
 d - 3 throwing nets (quivered)
Armour
 b - a +0 leather armour (worn)
 c - a +0 helmet (worn)
 n - a +0 cloak (worn)
Jewellery
 e - a ring of protection from magic (left hand)
 i - an uncursed ring of ice
Scrolls
 j - a scroll of random uselessness {unknown}
 k - 2 scrolls of remove curse {unknown}
 l - a scroll of fog {unknown}
 m - a scroll of immolation {unknown}
 o - a scroll of enchant armour {unknown}
 p - a scroll of fear {unknown}
 q - a scroll of identify {unknown}
Potions
 g - a potion of might {unknown}
Comestibles
 f - 4 rations
 h - 4 chunks of flesh


   Skills:
 + Level 2.9 Fighting
 + Level 3.3 Staves
 - Level 1.7 Throwing
 - Level 2.6 Dodging
 + Level 1.9 Stealth


You had 2 spell levels left.
You didn't know any spells.
Your spell library was empty.

Dungeon Overview and Level Annotations

Branches:
Dungeon (2/15)

Altars:
Makhleb


Innate Abilities, Weirdness & Mutations

You are mostly covered in molten scales. (AC +3)


Message History

A worm comes into view.
There is a burning altar of Makhleb here.
You see here a whip.
You hit the worm.
The worm is lightly wounded.
The worm bites you!
You hit the worm.
The worm is lightly wounded.
You hit the worm.
The worm is heavily wounded.
The worm bites you!
The hobgoblin hits you but does no damage.
You barely miss the worm.
The worm is moderately wounded.
The hobgoblin hits you but does no damage.
The worm barely misses you. The hobgoblin hits you with a +0 club.
* * * LOW HITPOINT WARNING * * *
The hobgoblin hits you with a +0 club.
You die...

### g..# ..# .... #####.#
# #..# ...#.#.# # #...
#####.#w#.# #.# #..#
..#.....g...#.#...#..####
........@_..r............
##.#................K†.#
#..#####.#.###########.###
#'#........#...
...........
#......)########
#######.###
#.......'......##### #.###
#.......###........# #...'
#.......#
#.(......#########
#.......#
#.................


You could see a worm, a hobgoblin and a rat.

Vanquished Creatures
  2 gnolls (D:2)
  An adder (D:2)
  An ooze (D:1)
  A worm (D:2)
  2 leopard geckos
  8 bats
  2 hobgoblins
  4 kobolds
  A frilled lizard (D:1)
  2 goblins
  3 rats (D:1)
27 creatures vanquished.

Notes
Turn   | Place    | Note
-------+----------+-------------------------------------------
     0 | D:1      | Lusmu the Demonspawn Gladiator began the quest for the Orb.
     0 | D:1      | Reached XP level 1. HP: 16/16 MP: 1/1
   136 | D:1      | Gained mutation: You are partially covered in molten
                  | scales. (AC +2) [demonic ancestry]
   136 | D:1      | Reached XP level 2. HP: 21/22 MP: 2/2
   268 | D:1      | Reached skill level 1 in Stealth
   390 | D:1      | Reached skill level 3 in Staves
   659 | D:2      | Gained mutation: You are mostly covered in molten scales.
                  | (AC +3) [demonic ancestry]
   659 | D:2      | Reached XP level 3. HP: 28/28 MP: 3/3
  1057 | D:2      | Found a burning altar of Makhleb.
  1071 | D:2      | Slain by a hobgoblin

Skill      XL: |  1  2 |
---------------+-------+-----
Stealth        | 1 |  1.9
Staves         | 3 |  3.3
Fighting       | |  2.9
Throwing       | |  1.7
Dodging        | |  2.6

Action                   || total
-------------------------++-------
Melee: Quarterstaff      ||    88
  Eat: Chunk             ||     1
Armor: Leather armour    ||    33
Dodge: Dodged            ||    61
